 Dungeon Crawl Stone Soup version 0.31-a0-210-gccc998df9b (webtiles) character file.

Game seed: 9822572393734804479

845 qw the Skirmisher (level 7, -2/60 HPs)
             Began as a Minotaur Hexslinger on June 30, 2023.
             Was an Initiate of Okawaru.
             Slain by an orc wizard
             ... wielding a +1 dagger of venom
              (3 damage)
             ... on level 5 of the Dungeon.
             The game lasted 00:01:28 (3718 turns).

qw the Skirmisher (Minotaur Hexslinger)             Turns: 3718, Time: 00:01:28

Health: -2/60      AC:  8    Str: 12    XL:     7   Next: 68%
Magic:  7/7        EV: 11    Int: 10    God:    Okawaru [......]
Gold:   119        SH:  0    Dex: 15    Spells: 7/8 levels left

rFire   . . .        Y - +2 sling (drain)
rCold   . . .        (no shield)
rNeg    . . .        e - +0 ring mail
rPois   .            (helmet restricted)
rElec   .            (no cloak)
rCorr   +            i - +0 pair of gloves
SInv    .            l - +0 pair of boots
Will    .....        (no amulet) Stlth
                     j - ring of resist corrosion
HPRegen 0.30/turn    (no ring)
MPRegen 0.10/turn

%: no passive effects
@: confused, lethally poisoned (-2 -> -5)
A: horns 2, retaliatory headbutt
a: Renounce Religion


You were on level 5 of the Dungeon.
You worshipped Okawaru.
Okawaru was noncommittal.
You visited 2 branches of the dungeon, and saw 6 of its levels.

You collected 229 gold pieces.
You spent 110 gold pieces at shops.


Innate Abilities, Weirdness & Mutations

You have a pair of horns on your head.
You reflexively headbutt those who attack you in melee.


   Skills:
 + Level 4.9 Fighting
 - Level 8.1 Ranged Weapons
 - Level 3.2 Armour
 - Level 2.1 Dodging
 - Level 1.0 Spellcasting
 - Level 2.0 Hexes


You had 7 spell levels left.
You knew the following spells:

 Your Spells              Type           Power      Damage    Failure   Level
a - Slow                  Hex            16%        N/A       32%         1

Your spell library contained the following spells:

 Spells                   Type           Power      Damage    Failure   Level
 Inner Flame              Hex/Fire       2%         N/A       82%         3
 Portal Projectile        Hex/Tloc       4%         N/A       82%         3
 Cause Fear               Hex            2%         N/A       97%         4

Inventory:

Hand Weapons
 Y - a +2 sling of draining (weapon)
Armour
 e - a +0 ring mail (worn)
 i - a +0 pair of gloves (worn)
 l - a +0 pair of boots (worn)
Jewellery
 j - a ring of resist corrosion (left hand)
 k - a ring of fire
Scrolls
 b - 2 scrolls of teleportation
 h - a scroll of identify
Potions
 a - 2 potions of haste
 c - a potion of invisibility {unknown}
 m - 2 potions of heal wounds
 n - a potion of mutation {unknown}

Dungeon Overview and Level Annotations

Branches:
Dungeon (5/15)             Temple (1/1) D:5

Altars:
Cheibriados
Elyvilon
Fedhas
Gozag
Hepliaklqana
Makhleb
Nemelex Xobeh
Okawaru
Qazlal
Ru
Sif Muna
Uskayaw
Vehumet
Wu Jian
Xom
The Shining One

Shops:
D:5 *


Message History

You hear some strange, mumbled words.
A magic dart appears from out of thin air!
The magic dart hits you but does no damage.
You shoot a sling bullet.
You feel sick. Something hits you.
You hear some strange, mumbled words.
Something tries to affect you, but you resist.
You shoot a sling bullet.
You feel sick. Something hits you but does no damage.
You hear some strange, mumbled words.
A magic dart appears from out of thin air!
The magic dart hits you.
You shoot a sling bullet.
You feel sick. Something hits you but does no damage.
You hear some strange, mumbled words.
A puff of flame appears from out of thin air!
The puff of flame misses you.
You shoot a sling bullet.
You feel sick. Something hits you. Something hits you but does no damage.
You are lethally poisoned!
You shoot a sling bullet.
You feel very sick.
You hear some strange, mumbled words.
You are confused.
Something hits you but does no damage.
You shoot a sling bullet.
You feel sick. Something hits you but does no damage.
You hear some strange, mumbled words.
Something tries to affect you, but you resist.
You hear some strange, mumbled words.
You are more confused.
Something hits you but does no damage.
You shoot a sling bullet.
You feel sick. Something hits you but does no damage.
You hear some strange, mumbled words.
A puff of flame appears from out of thin air!
The puff of flame misses you.
You shoot a sling bullet.
You feel sick. Something hits you but does no damage. Something hits you.
You die...

####..##.# #.##
#..##.# #.# #..##.#
#.# ####..##.# #.#
.......#.# #.#
...#...#.### #.#
#......#...### #.# ###
...#...#....8###{#...#
.#.#............@{)#
..........<.....)#.#
.....#.......##....#
.#.#....\....#..####
.................
#.....>....#.#..#
#........###.#..# .
####8....###.#..##...
#####.....#......#


There were no monsters in sight!

Vanquished Creatures
  Sigmund (D:3)
  An ogre (D:5)
  4 scorpions
  3 hounds
  2 orc priests (D:3)
  An iguana (D:5)
  An orc wizard (D:5)
  2 adders
  4 gnolls (D:2)
  A worm (D:4)
  4 dart slugs
  15 orcs
  7 endoplasms
  4 giant cockroaches
  7 goblins
  5 hobgoblins
  3 jackals (D:3)
  3 quokkas
  7 ball pythons
  5 bats
  3 frilled lizards (D:1)
  5 kobolds
  7 rats
95 creatures vanquished.

Notes
Turn   | Place    | Note
-------+----------+-------------------------------------------
     0 | D:1      | qw the Minotaur Hexslinger began the quest for the Orb.
     0 | D:1      | Reached XP level 1. HP: 16/16 MP: 1/1
     0 | D:1      | 0 ||| qw: Version: 0.3-a-26-gee661ec
     0 | D:1      | 0 ||| qw: Game counter: 7265
     0 | D:1      | 0 ||| qw: Melee chars always use a shield: true
     0 | D:1      | 0 ||| qw: God list: Okawaru
     0 | D:1      | 0 ||| qw: Allow faded altars: false
     0 | D:1      | 0 ||| qw: Do Orc after clearing Dungeon:15 true
     0 | D:1      | 0 ||| qw: Do second Lair branch before Depths: true
     0 | D:1      | 0 ||| qw: Lair rune preference: random
     0 | D:1      | 0 ||| qw: Goals: Normal
     0 | D:1      | 0 ||| PLANNING D:1-11
   208 | D:1      | Reached skill level 3 in Ranged Weapons
   208 | D:1      | Reached XP level 2. HP: 23/23 MP: 2/2
   217 | D:1      | HP: 4/23 [quokka (3)]
   221 | D:1      | HP: 1/24 [constriction (1)]
   618 | D:1      | 618 ||| UPGRADING to +0 ring mail.
   628 | D:1      | 628 ||| DROPPING +0 robe.
   629 | D:1      | 629 ||| UPGRADING to +0 pair of gloves.
   634 | D:1      | 634 ||| UPGRADING to +0 pair of boots.
   639 | D:1      | 639 ||| UPGRADING to ring of resist corrosion.
   640 | D:1      | 640 ||| READING scroll labelled INUQOFF KAMA.
   641 | D:1      | 641 ||| READING scroll labelled WON OS IMO.
   645 | D:1      | 645 ||| READING 2 scrolls labelled HIGIUMUPLO.
   646 | D:1      | 646 ||| DROPPING scroll of poison.
   702 | D:2      | Reached skill level 1 in Armour
   702 | D:2      | Reached XP level 3. HP: 28/29 MP: 3/3
   708 | D:2      | 708 ||| Stepping ~*~*~tactically~*~*~ (outnumbered).
   714 | D:2      | Reached skill level 4 in Ranged Weapons
   716 | D:2      | HP: 6/29 [gnoll/+0 spear (6)]
   839 | D:2      | Reached XP level 4. HP: 36/36 MP: 4/4
  1503 | D:2      | 1503 ||| READING scroll labelled PAXKU FEVVU.
  1504 | D:2      | 1504 ||| READING 2 scrolls labelled DOULUN RIHYF.
  1505 | D:2      | 1505 ||| READING scroll labelled BUBRAY HUEF.
  1571 | D:2      | 1571 ||| READING scroll labelled DICOAS MEFA.
  1572 | D:2      | 1572 ||| READING 2 scrolls labelled UNAQED PAWECO.
  1573 | D:2      | 1573 ||| READING scroll labelled ZUKHEE SYOMEURR.
  1574 | D:2      | 1574 ||| READING scroll labelled YCKEFE TUHACYI.
  1675 | D:2      | 1675 ||| READING 4 scrolls of identify.
  1675 | D:2      | 1675 ||| IDENTIFYING brown potion
  1676 | D:2      | 1676 ||| READING 3 scrolls of identify.
  1676 | D:2      | 1676 ||| IDENTIFYING blue potion
  1677 | D:2      | 1677 ||| READING 2 scrolls of identify.
  1677 | D:2      | 1677 ||| IDENTIFYING cyan potion
  1678 | D:2      | 1678 ||| DROPPING potion of magic.
  1679 | D:2      | 1679 ||| DROPPING scroll of fear.
  1680 | D:2      | 1680 ||| DROPPING scroll of vulnerability.
  1681 | D:2      | 1681 ||| DROPPING potion of brilliance.
  1972 | D:3      | 1972 ||| READING scroll of brand weapon.
  1972 | D:3      | 1972 ||| BRANDING +1 sling of flaming.
  2084 | D:3      | Reached skill level 5 in Ranged Weapons
  2093 | D:3      | Reached skill level 3 in Fighting
  2093 | D:3      | Reached XP level 5. HP: 43/45 MP: 5/5
  2207 | D:3      | Noticed Sigmund
  2220 | D:3      | Killed Sigmund
  2221 | D:3      | Reached skill level 6 in Ranged Weapons
  2221 | D:3      | Reached XP level 6. HP: 34/51 MP: 6/6
  2710 | D:3      | 2710 ||| READING 2 scrolls of identify.
  2710 | D:3      | 2710 ||| IDENTIFYING glowing amethyst potion
  3081 | D:4      | Found a shimmering blue altar of Sif Muna.
  3165 | D:4      | 3165 ||| READING 2 scrolls labelled BEUMMAI CIPO.
  3166 | D:4      | 3166 ||| READING scroll labelled QUYVOCYCKU.
  3167 | D:4      | 3167 ||| READING scroll labelled EFIACI GIFAFF.
  3168 | D:4      | 3168 ||| DROPPING scroll of immolation.
  3227 | D:5      | Entered Level 5 of the Dungeon
  3234 | D:5      | Reached skill level 7 in Ranged Weapons
  3294 | D:5      | Reached skill level 3 in Armour
  3294 | D:5      | Reached XP level 7. HP: 60/60 MP: 7/7
  3311 | D:5      | Found Gecruohi's General Store.
  3319 | D:5      | 3319 ||| BUYING 2 potions of heal wounds (110 gold).
  3319 | D:5      | Bought 2 potions of heal wounds for 110 gold pieces
  3413 | D:5      | Found a staircase to the Ecumenical Temple.
  3414 | D:5      | 3414 ||| PLANNING TEMPLE
  3414 | D:5      | 3414 ||| READING scroll labelled ACKADGHOINE.
  3415 | D:5      | 3415 ||| READING scroll labelled AKIUCEOSAPS.
  3416 | D:5      | 3416 ||| DRINKING 2 fuming yellow potions.
  3417 | D:5      | 3417 ||| DROPPING potion of attraction.
  3426 | Temple   | Entered the Ecumenical Temple
  3434 | Temple   | 3434 ||| PLANNING OKAWARU WORSHIP
  3483 | Temple   | Became a worshipper of Warmaster Okawaru
  3484 | Temple   | 3484 ||| PLANNING D:1-11
  3589 | D:5      | Reached skill level 8 in Ranged Weapons
  3701 | D:5      | 3701 ||| DRINKING 2 potions of curing.
  3701 | D:5      | 3701 ||| (to cure confusion)
  3705 | D:5      | 3705 ||| DRINKING potion of curing.
  3705 | D:5      | 3705 ||| (to cure confusion)
  3712 | D:5      | HP: 11/60 [something/magic dart (5)]
  3715 | D:5      | HP: 5/60 [poisoned by an orc wizard]
  3717 | D:5      | HP: 2/60 [poisoned by an orc wizard]
  3718 | D:5      | Slain by an orc wizard

Levels and vault maps discovered:
D:1:      heliophobic_arrival_enchanted_forest, layout_rooms, minmay_vboxes
D:2:      layout_loops_cross, grunt_ministairs_9, nicolae_titane
D:3:      layout_basic, uniq_sigmund
D:4:      layout_rooms, kennysheep_mini
D:5:      layout_loops_ring, mainiacjoe_overflow_swirl, temple_fountains,
          serial_shops, nicolae_stop_n_shop_1
Temple:   eino_wide_crystal_templ

Skill      XL: |  1  2  3  4  5  6  7 |
---------------+----------------------+-----
Ranged Weapons | 3 4 5 6 7 8 |  8.1
Fighting       | 2 3 4 |  4.9
Armour         | 1 3 |  3.2
Dodging        | |  2.1
Spellcasting   | |  1.0
Hexes          | |  2.0

Action                     |  1- 3 |  4- 6 |  7- 9 || total
---------------------------+-------+-------+-------++-------
   Fire: Sling             |    77 |   180 |    53 ||   310
    Use: Scroll            |     3 |    15 |     2 ||    20
         Potion            |       |       |     3 ||     3
 Armour: Robe              |     7 |       |       ||     7
         Ring mail         |     5 |    23 |    24 ||    52
  Dodge: Dodged            |    32 |    43 |    20 ||    95

Table legend:
 A = Non-vault XP
 B = Vault XP
 C = Vault XP percentage of total XP
 D = Non-vault monster count
 E = Vault monster count
 F = Vault count percentage of total count
                 A         B        C        D         E       F
            +---------+---------+-------+---------+---------+-------
      Total |     955 |     253 |  20.9 |      85 |      10 |  10.5
            +---------+---------+-------+---------+---------+-------
        D:1 |      28 |      12 |  30.0 |      17 |       7 |  29.2
        D:2 |      83 |       2 |   2.4 |      19 |       2 |   9.5
        D:3 |     145 |     239 |  62.2 |      24 |       1 |   4.0
        D:4 |     150 |       0 |   0.0 |      11 |       0 |   0.0
        D:5 |     549 |       0 |   0.0 |      14 |       0 |   0.0
            +---------+---------+-------+---------+---------+-------
